cohdb
Replays
Latest Replays
All Replays
Popular Replays
Top Player Replays
Match Explorer
How It Works
Community
CoH3 Stats
Reddit
Sign in to upload your games and track your stats! →
Sign in with Steam
Match 47462015
Unlisted
Match 47462015
Overview
Messages
Build Orders
End
Construct Barracks
Selects Special Operations Battlegroup
Selects M29 Weasel Recon Vehicle
M29 Weasel Recon Vehicle
Riflemen Squad
Riflemen Squad
Grenade Package
Infantry Support Center
Riflemen Squad
Construct Medical Station
M1918 Browning Automatic Rifles
Selects Smoke Screen
Smoke Screen
Selects SSF Commando Squad
SSF Commando Squad
M1 Mortar Team
Construct Tank Depot
Scout Squad
Selects Air Re-supply Operation
Air Re-Supply Operation
M4A1 Sherman Medium Tank
Engineer Squad
Advanced Logistics
Survival Training
Selects Mark Vehicle
Selects UNKNOWN (2162291)
Mark Vehicle
TwistedTootsy
Stormless
[38.] Nowhere Queen
RauschebartRonni
0
0
Comments
sign in to comment!
No comments posted yet!